 Dungeon Crawl Stone Soup version 0.13-a0-1585-g6f4f798 (webtiles) character file.

91 Koal the Ogre Mage (level 2, 0/22 HPs)
             Began as an Ogre Wizard on June 12, 2013.
             Slain by a giant cockroach (2 damage)
             ... on Level 2 of the Dungeon.
             The game lasted 00:04:18 (1102 turns).

Koal the Ogre Mage (Ogre Wizard)                    Turns: 1102, Time: 00:04:18

HP   0/22        AC  3     Str 11      XL: 2   Next: 54%
MP   1/8         EV  9     Int 17      God:
Gold 75          SH  0     Dex  8      Spells:  3 memorised,  4 levels left

Res.Fire  : . . .   See Invis. : .   i - -2,-3 club (curse)
Res.Cold  : . . .   Warding    : .   a - +0 robe
Life Prot.: . . .   Conserve   : .   (shield restricted)
Res.Poison: .       Res.Corr.  : .   b - +0 wizard hat
Res.Elec. : .       Clarity    : .   (no cloak)
Sust.Abil.: . .     Spirit.Shd : .   (gloves unavailable)
Res.Mut.  : .       Stasis     : .   (boots unavailable)
Res.Rott. : .       Flight     : .   (no amulet)
Saprovore : + . .                    (no ring)
                                     (no ring)

@: not resistant to hostile enchantments, unstealthy
A: unfitting armour, fast metabolism 1, saprovore 1, tough skin 1
a: no special abilities


You were on level 2 of the Dungeon.
You were hungry.

You visited 1 branch of the dungeon, and saw 2 of its levels.

You collected 55 gold pieces.

Inventory:

Hand weapons
 g - a +0,+0 short sword
 i - a cursed -2,-3 club (weapon)
Missiles
 e - 20 stones (quivered)
Armour
 a - a +0 robe (worn)
 b - a +0 wizard hat (worn)
Comestibles
 d - 2 meat rations
 f - a pear
 k - a slice of pizza
Scrolls
 h - a scroll of teleportation {unknown}
 j - a scroll of remove curse {unknown}
Books
 c - a book of Minor Magic

   Spells                             Type                      Level
   *Magic Dart                        Conjuration                  1
   *Blink                             Translocation                2
   *Call Imp                          Summoning                    2
   Repel Missiles                     Charms/Air                   2
   Slow                               Hexes                        2
   Conjure Flame                      Conjuration/Fire             3
   Mephitic Cloud                     Conjuration/Poison/Air       3


   Skills:
 + Level 0.6 Maces & Flails
 - Level 1.7 Dodging
 - Level 1.5 Stealth
 * Level 4.2 Spellcasting
 + Level 0.9 Conjurations
 + Level 0.6 Summonings
 + Level 0.7 Translocations


You had 4 spell levels left.
You knew the following spells:

 Your Spells              Type           Power        Failure   Level  Hunger
a - Magic Dart            Conj           #...         12%         1    None
b - Call Imp              Summ           #.........   21%         2    ##.....
c - Blink                 Tloc           N/A          21%         2    ##.....


Dungeon Overview and Level Annotations

Branches:
Dungeon (2/27)

Altars:


Innate Abilities, Weirdness & Mutations

You are too large for most types of armour.
You have a fast metabolism.
You can tolerate rotten meat.
You have tough skin (AC +1).


Message History

Orders for allies: a - Attack new target. r - Retreat! s - Stop attacking. w - Wait here. f - Follow me.
Anything else - Stay silent.
Gang up on whom?
Press: ? - help, Dir - move target cursor, f - giant cockroach
Aim: a giant cockroach (clinging) Attack!
You hear a shout!
The giant cockroach barely misses your crimson imp.
The giant cockroach bites your crimson imp but does no damage.
Your crimson imp hits the giant cockroach but does no damage.
The giant cockroach barely misses your crimson imp.
Your crimson imp blinks!
Found 8 gold pieces and 14 arrows.
A goblin comes into view. It is wielding a club.
The goblin shouts!
The goblin hits you but does no damage. The giant cockroach bites you.
You die...

#.......# .#
#.......##.##
#...........
#....$...#.#
#.......##.#####.
#........%....(..#
#.......#.#######
##..g##.#.#
#...@s.#s#
#..##..#.#
#..##..#5#
#......<.#
#####.#### #.# .#
$. .


You could see a giant cockroach and a goblin.

Vanquished Creatures
  An ooze (D:1)
  A goblin (D:1)
  2 hobgoblins (D:1)
  A bat (D:1)
  2 giant newts
  4 jackals (D:1)
  A kobold (D:1)
  A rat (D:1)
13 creatures vanquished.

Vanquished Creatures (collateral kills)
  A jackal (D:1)
  A kobold (D:1)
2 creatures vanquished.

Grand Total: 15 creatures vanquished

Notes
Turn   | Place    | Note
--------------------------------------------------------------
     0 | D:1      | Koal, the Ogre Wizard, began the quest for the Orb.
     0 | D:1      | Reached XP level 1. HP: 14/14 MP: 5/5
   444 | D:1      | Reached skill level 4 in Spellcasting
   447 | D:1      | Reached XP level 2. HP: 6/22 MP: 1/8
   451 | D:1      | Learned a level 2 spell: Call Imp
   454 | D:1      | Learned a level 2 spell: Blink
  1059 | D:1      | HP: 1/22 [jackal (2)]
  1088 | D:2      | HP: 1/22 [giant cockroach (2)]
  1102 | D:2      | Slain by a giant cockroach

Action                   || total
-------------------------++-------
Melee: Short sword       ||    26
       Unarmed           ||     2
       Club              ||     9
 Cast: Magic Dart        ||    24
       Call Imp          ||     5
